AoeStats
← Kaer Morhen

Black Forest

509706928Analyzed
3v3 RM · 4d ago on Sep 27, 2026· 11m 54s· 6 players
Game mode
Random Map
Map size
Normal (6 player)
Population
200
Speed
Normal
Resources
Standard
Victory
Conquest
Starting age
Dark Age
Ending age
Imperial Age
RankedLock teamsTeams togetherTeam positionsShared explorationLock speedFull tech treeHidden civsTurbo modeCheats
Victory
Defeat
🇫🇷 Romans · France
1460
+10
🇩🇪 Britons · Germany
1270
+17
🇫🇷 Saxons · France
1222
+18
🇨🇿 Teutons · Czechia
1345
-17
🇧🇪 Bohemians · Belgium
1297
-15
🇱🇾 Burgundians · Libya
1247
-13
Hane
10:22 Loom
13:28 Feudal Age
Kaer Morhen
1:12 Loom
12:55 Feudal Age
boxe
renardoracle12
11:40 Feudal Age
Bartos
1:02 Loom
13:47 Feudal Age
Lil Xavier
9:00 Feudal Age
9:03 Man-at-Arms
11:03 Loom
Connection lost

Rejoining the realm…

Still unreachable

The connection could not be restored.

Session expired

The server has moved on; the page needs a fresh start.